 Dungeon Crawl Stone Soup version 0.22-a0-571-g4a923d4 (webtiles) character file.

379 Hebeh the Chopper (level 6, -3/55 HPs)
             Began as a Minotaur Fighter on July 1, 2018.
             Killed by nerve-wracking pain
             ... invoked by an orc priest
              (13 damage)
             ... on level 4 of the Dungeon.
             The game lasted 00:06:58 (2444 turns).

Hebeh the Chopper (Minotaur Fighter)                Turns: 2444, Time: 00:06:59

Health: -3/55      AC:  7    Str: 23    XL:     6   Next: 45%
Magic:  5/5        EV:  7    Int:  5    God:
Gold:   195        SH: 11    Dex:  9    Spells: 5/5 levels left

rFire    . . .     SeeInvis .   a - +1 war axe
rCold    . . .     Gourm    .   c - +1 shield
rNeg     . . .     Faith    .   b - +0 scale mail
rPois    .         Spirit   .   (helmet restricted)
rElec    .         Reflect  .   (no cloak)
rCorr    .         Harm     .   (no gloves)
MR       .....                  (no boots)
Stlth    ..........             (no amulet)
HPRegen  0.18/turn              w - ring of loudness (curse)
MPRegen  0.09/turn              l - +3 ring of slaying

@: no status effects
A: retaliatory headbutt, horns 2
a: no special abilities


You were on level 4 of the Dungeon.
You were not hungry.

You visited 1 branch of the dungeon, and saw 4 of its levels.

You collected 195 gold pieces.

Inventory:

Hand Weapons
 a - a +1 war axe (weapon)
Missiles
 u - 2 poisoned tomahawks (quivered)
Armour
 b - a +0 scale mail (worn)
 c - a +1 shield (worn)
Jewellery
 e - an uncursed ring of wizardry {unknown}
 j - an uncursed ring of positive energy
 l - a +3 ring of slaying (right hand)
 m - an uncursed ring of ice {unknown}
 s - a +2 ring of intelligence
 w - a cursed ring of loudness (left hand)
Wands
 o - a wand of clouds (4)
 x - a wand of paralysis (20)
Scrolls
 g - a scroll of enchant armour
 h - 3 scrolls of magic mapping
 k - 2 scrolls of fog
 p - 3 scrolls of identify
Potions
 d - 2 potions of might
 i - 3 potions of cancellation
 t - 2 potions of flight {unknown}
 v - a potion of brilliance {unknown}
 z - a potion of magic {unknown}
Comestibles
 f - 8 rations
 r - 5 chunks of flesh


   Skills:
 + Level 4.9 Fighting
 * Level 5.4 Axes
 + Level 0.9 Throwing
 + Level 4.9 Armour
 + Level 5.0 Shields
 + Level 0.9 Evocations


You had 5 spell levels left.
You didn't know any spells.
Your spell library was empty.

Dungeon Overview and Level Annotations

Branches:
Dungeon (4/15)
 Temple: D:4-7

Altars:
Qazlal
Vehumet

Annotations:
D:3 1 runed door, Enish's ghost, weakling NaAM


Innate Abilities, Weirdness & Mutations

You reflexively headbutt those who attack you in melee.
You have a pair of horns on your head.


Message History

The iguana hisses angrily.
You slash the orc priest!
The orc priest is severely wounded.
The orc priest invokes the aid of Beogh against you.
Pain shoots through your body!
You closely miss the orc priest.
The orc priest is severely wounded.
You block the orc priest's attack.
You barely miss the orc priest.
The orc priest is severely wounded.
The orc priest invokes the aid of Beogh against you.
Beogh smites you!
* * * LOW HITPOINT WARNING * * *
As you read the scroll of teleportation, it crumbles to dust.
You feel strangely unstable.
The orc priest hits you but does no damage.
Your surroundings seem slightly different.
The orc priest calls down the wrath of Beogh upon you.
Pain shoots through your body!
You die...

.#######.......#....##.....#
.......#.......#....##....!#
.......#.......#....##...?.#
.......'.......+...........+
.......#.......#.....lo....#
.......#..)....#....o.#...#).....
..(....##....#........#...#.#....
.......##.........#####...#.# ...
.......##.......@.# #...#.# ##
.......###......_.# #...#.#
.......###........#####...#.#
...#.)................+...#.#
.#.#.#####...........#
(.......##...........# .....
.#.#.##..............##.....
..............#.....#...... .#
####.#....#...#.....#....# ..#


You could see an iguana, an orc priest and an orc.

Vanquished Creatures
  Purgy (D:3)
  An ogre (D:4)
  Jessica (D:2)
  2 worker ants (D:4)
  6 adders
  An ooze (D:1)
  A worm (D:3)
  A dart slug (D:2)
  A leopard gecko (D:1)
  7 orcs
  2 giant cockroaches (D:1)
  7 hobgoblins
  4 jackals (D:1)
  2 quokkas
  6 bats
  4 frilled lizards (D:1)
  3 goblins
  6 kobolds
  7 rats
63 creatures vanquished.

Notes
Turn   | Place    | Note
-------+----------+-------------------------------------------
     0 | D:1      | Hebeh the Minotaur Fighter began the quest for the Orb.
     0 | D:1      | Reached XP level 1. HP: 19/19 MP: 0/0
    12 | D:1      | Reached XP level 2. HP: 22/27 MP: 1/1
   666 | D:1      | Reached XP level 3. HP: 30/33 MP: 2/2
   749 | D:2      | Noticed Jessica
   766 | D:2      | Killed Jessica
  1146 | D:2      | Reached XP level 4. HP: 18/40 MP: 3/3
  1784 | D:3      | Noticed Purgy
  1789 | D:3      | Killed Purgy
  1789 | D:3      | Reached XP level 5. HP: 43/47 MP: 4/4
  1976 | D:3      | Found a runed door.
  1976 | D:3      | Noticed Enish's ghost (weakling NaAM)
  2032 | D:3      | Found a stormy altar of Qazlal.
  2081 | D:3      | Reached skill level 5 in Axes
  2262 | D:4      | Reached XP level 6. HP: 52/53 MP: 5/5
  2377 | D:4      | Found a radiant altar of Vehumet.
  2408 | D:4      | Reached skill level 5 in Shields
  2444 | D:4      | Killed from afar by an orc priest

Vault maps used:
D:1:      tarquinn_simple_flora_water_e, minmay_split_cup_small
D:2:      uniq_jessica
D:3:      nicolae_overflow_crystal_walls, gammafunk_ghost_grave,
          grunt_ministairs_1, uniq_purgy
D:4:      overflow_temple_1_default, gammafunk_temple_overflow_elements

Skill      XL: |  1  2  3  4  5  6 |
---------------+-------------------+-----
Axes           | 3 4 5 |  5.4
Armour         | 4 |  4.9
Fighting       | 4 |  4.9
Shields        | 4 5 |  5.0
Throwing       | |  0.9
Evocations     | |  0.9

Action                   |  1- 3 |  4- 6 || total
-------------------------+-------+-------++-------
Melee: War axe           |    98 |    72 ||   170
       Headbutt          |     9 |    10 ||    19
  Use: Scroll            |       |    10 ||    10
  Eat: Chunk             |     1 |     4 ||     5
Armor: Scale mail        |    51 |    25 ||    76
Dodge: Dodged            |    26 |    22 ||    48
Block: Shield            |    59 |    41 ||   100

Table legend:
 A = Spawn XP
 B = Non-spawn XP
 C = Spawn XP percentage of total XP
 D = Spawn monster count
 E = Non-spawn monster count
 F = Spawn count percentage of total count
 G = Total turns spent on level
                    A         B        C        D         E        F      G
               +---------+---------+-------+---------+---------+-------+---------
         Total |       0 |     542 |   0.0 |       0 |      63 |   0.0 |  2444
               +---------+---------+-------+---------+---------+-------+---------
           D:1 |       0 |      41 |   0.0 |       0 |      24 |   0.0 |   715
           D:2 |       0 |      86 |   0.0 |       0 |      16 |   0.0 |  1069
           D:3 |       0 |     223 |   0.0 |       0 |      17 |   0.0 |   475
           D:4 |       0 |     192 |   0.0 |       0 |       6 |   0.0 |   185
               +---------+---------+-------+---------+---------+-------+---------
